 Dungeon Crawl Stone Soup version 0.27-a0-1324-ge0d8e047f6 (webtiles) character file.

Game seed: 4743346329937184545

8816 sokol815 the Covert (level 11, -1/61 HPs)
             Began as an Octopode Ice Elementalist on June 24, 2021.
             Was an Initiate of Gozag.
             Slain by an orc warlord (43 damage)
             ... in a bailey.
             The game lasted 00:44:48 (13856 turns).

sokol815 the Covert (Octopode Ice Elementalist)    Turns: 13856, Time: 00:44:48

Health: -1/61      AC: 12    Str:  7    XL:     11   Next: 36%
Magic:  3/26       EV: 15    Int: 19    God:    Gozag
Gold:   1491       SH:  5    Dex: 15    Spells: 2/19 levels left

rFire    . . .     SeeInvis .   a - +8 dagger (flame)
rCold    + . .     Faith    .   (no shield)
rNeg     . . .     Spirit   .   y - +2 hat
rPois    .         Reflect  +   o - amulet of reflection
rElec    .         Harm     .   F - ring of protection from fire {rF+, !d}
rCorr    .         Rampage  .   Q - +4 ring of slaying
Will     .....                  g - ring of magical power {MP+9}
Stlth    +++++.....             c - ring of ice {rC+, rF-}
HPRegen  0.20/turn              (no ring)
MPRegen  0.20/turn              (no ring)
                                (no ring)
                                (no ring)

@: ice-armoured, gold aura, studying Polearms
A: almost no armour, amphibious, 8 rings, camouflage 1, gelatinous body 1,
(nimble swimmer 1), tentacles
a: Renounce Religion, Potion Petition, Call Merchant, Bribe Branch


You were in a bailey.
You worshipped Gozag.
Gozag was most pleased with you.
You visited 2 branches of the dungeon, and saw 11 of its levels.
You also visited: Ossuary and Bailey.

You collected 1739 gold pieces.
You spent 168 gold pieces at shops.
You paid 80 gold pieces to Gozag.

Inventory:

Hand Weapons
 a - a +8 dagger of flaming (weapon)
   (You took it off a kobold on level 2 of the Dungeon)
 f - a +0 long sword
   (You found it on level 4 of the Dungeon)
 t - a +0 vorpal spear
   (You found it on level 5 of the Dungeon)
 u - the +2 war axe "Paywkin" {drain, rPois rN+}
   (You found it on level 7 of the Dungeon)

   A truly terrible weapon, it drains the life of those it strikes.
   It protects you from poison.
   It protects you from negative energy.
 z - a +0 hunting sling
   (You found it on level 2 of the Dungeon)
 M - a +1 scimitar of flaming
   (You took it off Erica on level 9 of the Dungeon)
Missiles
 b - 10 boomerangs
 d - 2 atropa-tipped darts
 i - 114 arrows
 j - a curare-tipped dart
 s - 256 stones
 v - 42 poisoned darts
 B - 31 sling bullets
 D - 10 javelins
Armour
 y - a +2 hat (worn)
   (You bought it in a shop on level 6 of the Dungeon)
 O - a +0 kite shield
   (You took it off a gnoll sergeant on level 9 of the Dungeon)
Jewellery
 c - a ring of ice (on tentacle) {rC+, rF-}
   (You found it in an ossuary)
 g - a ring of magical power (on tentacle) {MP+9}
   (You found it on level 8 of the Dungeon)
 o - an amulet of reflection (around mantle)
   (You found it on level 4 of the Dungeon)
 x - an amulet of faith
   (You found it on level 6 of the Dungeon)
 F - a ring of protection from fire (left tentacle) {rF+, !d}
   (You found it on level 4 of the Dungeon)
 Q - a +4 ring of slaying (right tentacle)
   (You took it off a hobgoblin on level 4 of the Dungeon)
Wands
 e - a wand of charming (12)
   (You found it on level 8 of the Dungeon)
 h - a wand of acid (6)
   (You found it on level 7 of the Dungeon)
 p - a wand of paralysis (9)
   (You found it on level 7 of the Dungeon)
 q - a wand of flame (37)
   (You took it off a wight on level 6 of the Dungeon)
Scrolls
 k - a scroll of identify {@r1}
 m - 4 scrolls of fog
 w - 3 scrolls of enchant armour
 C - a scroll of silence {unknown}
 E - 2 scrolls of fear
 G - a scroll of noise {unknown}
 K - 3 scrolls of immolation {!r}
 R - a scroll of enchant weapon
 X - 2 scrolls of magic mapping {@r4!r}
 Y - 9 scrolls of teleportation {@r3}
Potions
 l - a potion of might {unknown}
 n - a potion of ambrosia {unknown}
 r - 3 potions of attraction {!q}
 H - 2 potions of haste
 I - 2 potions of brilliance {unknown}
 J - 3 potions of curing {@q1}
 L - 2 potions of flight
 N - 2 potions of heal wounds {@q2}
 P - 3 potions of lignification {!q}
 U - 2 potions of mutation {!q}
Miscellaneous
 A - a piece from Xom's chessboard (15/15)
   (You found it on level 10 of the Dungeon)


   Skills:
 + Level 7.9 Short Blades
 - Level 5.0 Dodging
 + Level 9.9 Stealth
 * Level 4.5 Spellcasting
 + Level 9.0 Conjurations
 + Level 1.4 Hexes
 + Level 2.2 Translocations
 + Level 9.0 Ice Magic


You had 2 spell levels left.
You knew the following spells:

 Your Spells              Type           Power      Damage    Failure   Level
a - Freeze                Ice            100%       1d11      1%          1
b - Frozen Ramparts       Ice            100%       1d12      1%          3
c - Hailstorm             Conj/Ice       55%        3d12      3%          4
d - Blink                 Tloc           N/A        N/A       8%          2
e - Conjure Flame         Conj/Fire      21%        6-21      6%          3
v - Corona                Hex            10%        N/A       8%          1
A - Ozocubu's Armour      Ice            55%        N/A       1%          3

Your spell library contained the following spells:

 Spells                   Type           Power      Damage    Failure   Level
 Foxfire                  Conj/Fire      84%        2x1d8     1%          1
 Magic Dart               Conj           100%       1d8       1%          1
 Slow                     Hex            9%         N/A       11%         2
 Sting                    Tmut/Pois      16%        1d3       13%         1
 Call Imp                 Summ           4%         N/A       21%         2
 Poisonous Vapours        Pois/Air       8%         N/A       21%         2
 Iskenderun's Battlesphe  Conj           38%        2d9       9%          5
 Mephitic Cloud           Conj/Pois/Air  15%        N/A       12%         3
 Teleport Other           Tloc           12%        N/A       16%         3
 Portal Projectile        Hex/Tloc       22%        N/A       19%         3
 Sticky Flame             Conj/Fire      21%        2d4       21%         4
 Inner Flame              Hex/Fire       7%         N/A       28%         3
 Ignite Poison            Fire/Tmut/Pois 4%         N/A       36%         3
 Metabolic Englaciation   Hex/Ice        18%        N/A       38%         5
 Fireball                 Conj/Fire      10%        3d6       50%         5
 Cause Fear               Hex            4%         N/A       58%         4
 Leda's Liquefaction      Hex/Erth       3%         N/A       67%         4
 Bolt of Magma            Conj/Fire/Erth 7%         4d6       71%         5
 Olgreb's Toxic Radiance  Pois           4%         N/A       78%         4
 Summon Forest            Summ/Tloc      4%         N/A       93%         5
 Orb of Destruction       Conj           19%        9d8       95%         7
 Iron Shot                Conj/Erth      10%        9d3       97%         6
 Spellforged Servitor     Conj/Summ      10%        N/A       100%        7
 Polar Vortex             Ice            27%        N/A       100%        9


Dungeon Overview and Level Annotations

Branches:
Dungeon (10/15)            Temple (1/1) D:5         Ossuary (visited)
 Bailey (1/1)
   Lair: D:8-11         Orc: D:9-12

Altars:
Dithmenos
Elyvilon
Gozag
Nemelex Xobeh
Okawaru
Qazlal
Ru
Uskayaw
Xom
Zin

Shops:
D:6 *

Annotations:
D:4 Sigmund
D:7 Maggie
D:9 exclusions: 2 kobolds, orc, orc priest and 3 orc wizards


Innate Abilities, Weirdness & Mutations

You cannot wear most types of armour.
You are amphibious.
You can wear up to eight rings at the same time.
Your skin changes colour to match your surroundings (Stealth+).
Your rubbery body absorbs attacks. (AC +1, EV +1)
((You are camouflaged near water. (Stealth+)))
You have tentacles for arms and can constrict up to eight enemies at once.


Message History

The wall freezes the orc knight!
The orc knight is distracted by your dazzling golden aura.
You now have 12/26 mp.
The orc warrior is no longer distracted by gold.
The orc knight is no longer distracted by gold.
The wall freezes the orc knight!
The orc knight roars a battlecry!
The orc warlord goes into a battle-frenzy!
The goblin shouts!
You feel a surge of power!
A cannonade of hail descends around you!
The hail pelts the orc warlord!
The orc warlord partially resists.
The hail pelts the orc knight!
The hail pelts the orc warrior!
The hail pelts the hobgoblin!
You kill the hobgoblin!
The hail pelts the hobgoblin!
You kill the hobgoblin!
The hail pelts the orc warrior!
The hail pelts the orc warrior.
The wall freezes the orc warrior.
The wall freezes the orc knight.
You now have 9/26 mp.
You feel a surge of power!
A cannonade of hail descends around you!
The hail pelts the orc knight!!
You kill the orc knight!
The hail pelts the orc warlord.
The hail pelts the orc warrior!! x2
You kill the orc warrior!
The hail pelts the hobgoblin!
You kill the hobgoblin!
The goblin is no longer distracted by gold.
The wall freezes the orc warrior!
You kill the orc warrior!
The wall freezes the orc warrior!
You kill the orc warrior!
Your Conjurations skill increases to level 9!
Your Hexes skill increases to level 1!
Your Translocations skill increases to level 2!
Your Ice Magic skill increases to level 9!
You now have 5/26 mp.
You feel a surge of power!
A cannonade of hail descends around you!
The hail pelts the orc warlord!
The orc warlord partially resists.
The hail pelts the orc warrior!
The hail pelts the goblin!!
You kill the goblin!
The hail pelts the orc warrior!!
The orc warlord resists.
The wall freezes the orc warlord.
The orc warlord is distracted by your dazzling golden aura.
You now have 1/26 mp.
Aim: an orc warlord, wielding a +0 bardiche of protection and wearing a +1 chain mail of cold resistance (lightly wounded, strong, unaware, hasn't noticed you, chance to affect: 15%)
Okay, then.
Unknown command.
Aim: an orc warlord, wielding a +0 bardiche of protection and wearing a +1 chain mail of cold resistance (lightly wounded, strong, unaware, hasn't noticed you, 79% to hit)
The bolt of acid hits the orc warlord but does no damage.
The orc warlord is no longer distracted by gold.
The orc warlord shouts!
The orc warrior is distracted by your dazzling golden aura.
The orc warlord resists.
The wall freezes the orc warlord.
The orc warlord hits you from afar with a +0 bardiche of protection!
The orc warrior shouts!
You take 12 damage, and have 49/61 hp.
Aim: an orc warlord, wielding a +0 bardiche of protection and wearing a +1 chain mail of cold resistance (moderately wounded, strong, 79% to hit)
The bolt of acid hits the orc warlord.
The orc warlord is splashed with acid!
The acid corrodes the orc warlord!
The orc warlord resists.
The wall freezes the orc warlord.
The orc warlord is distracted by your dazzling golden aura.
Aim: an orc warlord, wielding a +0 bardiche of protection and wearing a +1 chain mail of cold resistance (moderately wounded, strong, unaware, covered in acid, hasn't noticed you, 79% to hit)
The bolt of acid hits the orc warlord.
The orc warlord is splashed with acid.
The orc warlord seems to be corroded for longer.
The orc warlord is no longer distracted by gold.
The bolt of acid misses the orc warrior.
The orc warlord resists.
The wall freezes the orc warlord.
The orc warlord is distracted by your dazzling golden aura.
Aim: an orc warlord, wielding a +0 bardiche of protection and wearing a +1 chain mail of cold resistance (heavily wounded, strong, unaware, covered in acid, hasn't noticed you, 79% to hit)
The bolt of acid misses the orc warlord.
The bolt of acid hits the orc warrior.
The orc warrior is splashed with acid!
The acid corrodes the orc warrior!
You kill the orc warrior!
The orc warlord shouts!
The orc warlord resists.
The wall freezes the orc warlord.
The orc warlord is no longer distracted by gold.
The orc warlord barely misses you.
The bolt of acid misses the orc warlord.
The bolt of acid hits the orc warrior!
The orc warrior is splashed with acid.
The orc warrior is no longer distracted by gold.
The orc warlord resists.
The wall freezes the orc warlord.
The orc warlord closely misses you.
Aim: an orc warrior, wielding a +0 war axe and wearing a +0 scale mail (almost dead, strong, 64% to hit)
The bolt of acid hits the orc warlord!
The orc warlord is splashed with acid.
The bolt of acid hits the orc warrior!
The orc warrior is splashed with acid.
The acid corrodes the orc warrior!
You kill the orc warrior!
The frozen ramparts melt away.
The orc warlord hits you from afar with a +0 bardiche of protection!
You take 9 damage, and have 41/61 hp.
Aim: an orc warlord, wielding a +0 bardiche of protection and wearing a +1 chain mail of cold resistance (severely wounded, strong, covered in acid, 79% to hit)
The bolt of acid hits the orc warlord!
The orc warlord is splashed with acid.
The orc warlord seems to be corroded for longer.
The orc warlord hits you from afar with a +0 bardiche of protection!!!
Ouch! That really hurt!
You die...
Your body crumbles into a pile of gold.

.........#...........#
.........#.........).#
........###......)))###
#.....###.###.....#'#.###
###.###
....###.###.....### ..###
......###.........##
...#$$
......##8..........# ...#
$ .....$$#8..........#
...#$$
.....$o$@....⌠....∩# )..#
$ .....$.#8..........#
...#$$
g.....##8..........#
..###
......###..)......##
###.###
....###.###)))..###
#)....###.###.....#'#.###
))......###.........###
.........#...........#
.........#...........#


You could see an orc warlord (strong, corroded).

Vanquished Creatures
  Erica (D:9)
  A two-headed ogre (D:8)
  An orc knight (Bailey)
  Maurice (D:10)
  Psyche (D:8)
  A hornet (D:9)
  5 yaks (D:10)
  A wyvern (D:8)
  A steam dragon (D:8)
  An acid dragon (D:8)
  14 orc warriors
  A black bear (D:6)
  2 ogres
  A sky beast (D:7)
  3 necrophages
  4 phantoms
  3 kobold brigands
  4 bullfrogs
  2 water moccasin zombies
  A gnoll sergeant (D:9)
  5 scorpions
  A water moccasin skeleton (D:4)
  6 killer bees (D:7)
  3 wights (D:6)
  2 howler monkeys (D:8)
  4 hounds
  A bullfrog zombie (Ossuary)
  6 centaur zombies
  A centaur skeleton (D:7)
  7 orc priests
  A bullfrog skeleton (D:6)
  4 iguanas
  21 mummies (Ossuary)
  An orc wizard (D:7)
  A killer bee zombie (D:7)
  A howler monkey zombie (D:9)
  18 gnolls
  A howler monkey skeleton (D:6)
  7 adders
  A shadow imp (D:8)
  2 white imps
  An ufetubus (D:5)
  2 worms (D:2)
  2 dart slugs
  34 orcs
  3 bats
  6 endoplasms
  5 giant cockroaches
  24 hobgoblins
  3 jackals
  2 quokkas
  6 ball pythons
  5 frilled lizards
  21 goblins
  29 kobolds
  7 rats
293 creatures vanquished.

Vanquished Creatures (others)
  13 plants (D:2)
  10 withered plants (Ossuary)
23 creatures vanquished.

Grand Total: 316 creatures vanquished

Notes
Turn   | Place    | Note
-------+----------+-------------------------------------------
     0 | D:1      | sokol815 the Octopode Ice Elementalist began the quest for
                  | the Orb.
     0 | D:1      | Reached XP level 1. HP: 11/11 MP: 3/3
   495 | D:1      | Reached XP level 2. HP: 17/17 MP: 5/5
   736 | D:1      | Found a faded altar of an unknown god.
  1315 | D:2      | Reached XP level 3. HP: 20/21 MP: 6/6
  1355 | D:2      | Reached skill level 5 in Ice Magic
  1531 | D:2      | Learned a level 3 spell: Frozen Ramparts
  1955 | D:2      | HP: 5/21 [poisoned by an adder]
  2498 | D:2      | Reached XP level 4. HP: 15/27 MP: 7/7
  2718 | D:2      | Found a stormy altar of Qazlal.
  4049 | D:3      | HP: 5/27 [orc priest (5)]
  4052 | D:3      | Reached skill level 6 in Ice Magic
  4350 | D:3      | Reached XP level 5. HP: 31/31 MP: 8/8
  4631 | D:3      | Found a glowing silver altar of Zin.
  4722 | D:3      | Learned a level 3 spell: Ozocubu's Armour
  4861 | D:4      | Noticed Sigmund
  5058 | D:4      | Reached skill level 7 in Ice Magic
  5062 | D:4      | Reached XP level 6. HP: 17/36 MP: 6/9
  5577 | D:4      | Noticed a necrophage
  5602 | D:4      | Killed a necrophage
  5954 | D:5      | Entered Level 5 of the Dungeon
  5976 | D:5      | Reached skill level 8 in Ice Magic
  6047 | D:5      | Reached skill level 1 in Short Blades
  6047 | D:5      | Reached skill level 3 in Stealth
  6047 | D:5      | Reached XP level 7. HP: 24/41 MP: 6/10
  6197 | D:5      | Found a staircase to the Ecumenical Temple.
  6450 | D:5      | Reached skill level 2 in Short Blades
  6450 | D:5      | Reached skill level 3 in Dodging
  6450 | D:5      | Reached skill level 4 in Stealth
  6596 | Temple   | Entered the Ecumenical Temple
  6615 | Temple   | Became a worshipper of Gozag Ym Sagoz the Greedy
  6892 | D:5      | Reached skill level 5 in Stealth
  6974 | D:5      | Reached XP level 8. HP: 46/46 MP: 11/11
  7322 | D:5      | Learned a level 4 spell: Hailstorm
  7332 | D:6      | Reached skill level 3 in Short Blades
  7408 | D:6      | Reached skill level 1 in Conjurations
  7509 | D:6      | Reached skill level 4 in Dodging
  7509 | D:6      | Reached skill level 2 in Conjurations
  7780 | D:6      | Reached skill level 6 in Stealth
  7846 | D:6      | Reached skill level 3 in Conjurations
  7998 | D:6      | Reached skill level 4 in Short Blades
  8178 | D:6      | Reached skill level 4 in Conjurations
  8261 | D:6      | Reached XP level 9. HP: 38/51 MP: 5/12
  8480 | D:6      | Found Dash's Assorted Antiques.
  8487 | D:6      | Reached skill level 7 in Stealth
  8695 | D:6      | Bought an embroidered hat for 168 gold pieces
  9150 | D:7      | Reached skill level 5 in Conjurations
  9369 | D:7      | Reached skill level 5 in Dodging
  9485 | D:7      | Reached skill level 5 in Short Blades
  9485 | D:7      | Reached skill level 8 in Stealth
  9669 | D:7      | Noticed Maggie
  9768 | D:7      | Reached skill level 6 in Conjurations
  9827 | D:7      | Identified the +2 war axe "Paywkin" {drain, rPois rN+}
 10258 | D:8      | Identified a scroll of acquirement
 10258 | D:8      | Acquired the Reference Book on the Congealing Voyage
 10338 | D:8      | Noticed Psyche
 10348 | D:8      | Killed Psyche
 10349 | D:8      | Reached skill level 7 in Conjurations
 10366 | D:8      | Found a sand-covered staircase.
 10551 | Ossuary  | Entered an ossuary
 10588 | Ossuary  | Reached skill level 6 in Short Blades
 10588 | Ossuary  | Reached XP level 10. HP: 55/56 MP: 13/13
 11014 | Ossuary  | Reached skill level 8 in Conjurations
 11477 | D:8      | Noticed a two-headed ogre
 11487 | D:8      | Killed a two-headed ogre
 11488 | D:8      | Reached skill level 7 in Short Blades
 12601 | D:9      | Paralysed by a hornet for 2 turns
 12603 | D:9      | HP: 13/56 [poisoned by a hornet]
 12903 | D:9      | Noticed Erica
 12911 | D:9      | Killed Erica
 12912 | D:9      | Reached skill level 9 in Stealth
 12912 | D:9      | Reached skill level 3 in Spellcasting
 13188 | D:10     | Entered Level 10 of the Dungeon
 13195 | D:10     | Learned a level 2 spell: Blink
 13221 | D:10     | Found a flagged portal.
 13237 | D:10     | Noticed Maurice
 13298 | D:10     | Reached XP level 11. HP: 38/61 MP: 13/16
 13298 | D:10     | Killed Maurice
 13299 | D:10     | Reached skill level 1 in Translocations
 13304 | D:10     | Reached skill level 4 in Spellcasting
 13398 | D:10     | Learned a level 1 spell: Corona
 13402 | D:10     | Learned a level 3 spell: Conjure Flame
 13404 | Bailey   | Entered a bailey
 13839 | Bailey   | Noticed an orc warlord
 13839 | Bailey   | Noticed an orc knight
 13848 | Bailey   | Killed an orc knight
 13849 | Bailey   | Reached skill level 9 in Conjurations
 13849 | Bailey   | Reached skill level 1 in Hexes
 13849 | Bailey   | Reached skill level 2 in Translocations
 13849 | Bailey   | Reached skill level 9 in Ice Magic
 13856 | Bailey   | Slain by an orc warlord

Illustrated notes

Levels and vault maps discovered:
D:1:      dpeg_arrival_radiant, layout_basic,
          hellmonk_ecumenical_altar_arch_garden
D:2:      layout_basic, serial_forest, infiniplex_forest_corner_1,
          infiniplex_forest_end_3, infiniplex_forest_corner_1,
          infiniplex_forest_clump_double, infiniplex_forest_end_3,
          infiniplex_forest_straight_4, basic_altar, minmay_misc_feat_rugged,
          lexackson_kobold_supper
D:3:      layout_basic, marbit_many_paths, serial_glass, glass_columns_a,
          glass_columns_a, item_on_display_a, minmay_strange_pillars,
          bh_walls_and_bars
D:4:      layout_cave_pools, uniq_sigmund
D:5:      layout_basic, minmay_temple_entry_drinking_statues, fountainhead
D:6:      layout_loops_corners, serial_shops, shop, dk_noncrumbling_2
D:7:      layout_layer_cave, uniq_maggie
D:8:      layout_loops_ring, nicolae_ossuary_entry_ruins, minmay_manual_moon,
          uniq_psyche
D:9:      layout_basic, david_lair_generic, uniq_erica
D:10:     layout_gridville, enter_bailey_6, fungi_pond_lemuel, uniq_maurice
Temple:   regret_index_temple_sigil_plot
Bailey:   bailey_axe_minmay_hex_keep, bailey

Skill      XL: |  1  2  3  4  5  6  7  8  9 10 11 |
---------------+----------------------------------+-----
Ice Magic      | 5 6 7 8 9 |  9.0
Short Blades   | 1 2 4 6 7 |  7.9
Stealth        | 3 5 6 8 9 |  9.9
Dodging        | 3 4 5 |  5.0
Conjurations   | 4 7 8 9 |  9.0
Spellcasting   | 3 4 |  4.5
Translocations | 2 |  2.2
Hexes          | 1 |  1.4

Action                   |  1- 3 |  4- 6 |  7- 9 | 10-12 || total
-------------------------+-------+-------+-------+-------++-------
Melee: Whip              |     4 |       |       |       ||     4
       Dagger            |    58 |    97 |   162 |   189 ||   506
       Tentacles         |    11 |    20 |    24 |    36 ||    91
       Constrict         |    16 |    27 |    27 |    38 ||   108
       Unarmed           |     1 |       |       |       ||     1
       Spear             |       |       |     5 |       ||     5
 Fire: Hunting sling     |     3 |       |       |       ||     3
Throw: Javelin           |       |     3 |       |       ||     3
       Boomerang         |       |       |     2 |       ||     2
 Cast: Freeze            |    14 |     5 |       |       ||    19
       Frozen Ramparts   |       |     2 |    17 |    17 ||    36
       Ozocubu's Armour  |       |     2 |    13 |    14 ||    29
       Hailstorm         |       |       |       |    10 ||    10
Evoke: Wand              |       |       |       |     7 ||     7
  Use: Scroll            |       |     3 |    17 |     5 ||    25
       Potion            |       |     1 |       |     2 ||     3
 Stab: Sleeping          |    13 |     8 |    20 |     5 ||    46
       Distracted        |       |       |     1 |     1 ||     2
       Invisible         |       |       |       |     2 ||     2
Armor: Skin              |     8 |     5 |    22 |    12 ||    47
Dodge: Dodged            |    32 |    72 |    68 |    64 ||   236
Block: Other             |       |       |    30 |    18 ||    48
       Reflection        |       |       |     1 |     3 ||     4

Table legend: (Time is in decaauts)
 A = Elapsed time spent in this place.
 B = Non-inter-level travel time spent in this place.
 C = Inter-level travel time spent in this place.
 D = Time resting spent in this place.
 E = Time spent auto-exploring this place.
 F = Levels seen in this place.
 G = Mean time per level.
                   A        B        C        D        E       F      G
               +--------+--------+--------+--------+--------+-----+--------+
         Total |  13766 |  13354 |    412 |   3761 |   7475 |  13 | 1058.9 |
       Dungeon |  12551 |  12158 |    393 |   3534 |   6885 |  10 | 1255.1 |
        Temple |     38 |     19 |     19 |      0 |     15 |   1 |   38.0 |
       Ossuary |    743 |    743 |      0 |    120 |    422 |   1 |  743.0 |
        Bailey |    432 |    432 |      0 |    107 |    153 |   1 |  432.0 |
               +--------+--------+--------+--------+--------+-----+--------+

Top non-repeatable levels by time:
     D:2: 2605 daAuts
     D:6: 1601 daAuts
     D:7: 1305 daAuts
     D:1: 1251 daAuts
     D:5: 1216 daAuts
     D:4: 1111 daAuts
     D:3: 1108 daAuts
     D:9: 1073 daAuts
     D:8: 1067 daAuts
 Ossuary: 743 daAuts
  Bailey: 432 daAuts
    D:10: 210 daAuts
  Temple: 38 daAuts

Table legend:
 A = Kills in this place as a percentage of kills in entire the game.
 B = Kills by you in this place as a percentage of kills by you in the entire game.
 C = Kills by friends in this place as a percentage of kills by friends in the entire game.
 D = Other kills in this place as a percentage of other kills in the entire game.
 E = Experience gained in this place as a percentage of experience gained in the entire game.
 F = Experience gained in this place divided by the number of levels of this place that you have seen.
                   A       B       C       D       E      F
               +-------+-------+-------+-------+-------+----------------------
         Total | 100.0 | 100.0 |   N/A |   N/A | 100.0 | 968.8
       Dungeon |  67.6 |  67.6 |   N/A |   N/A |  73.7 | 928.2
       Ossuary |   9.2 |   9.2 |   N/A |   N/A |   7.2 | 909.0
        Bailey |  23.2 |  23.2 |   N/A |   N/A |  19.1 | 2404.0
               +-------+-------+-------+-------+-------+----------------------
